Map: Cyber Forest LE

Players

Serral

  • Race: Zerg Zerg
  • Spawn Location: 5:00

Reynor - Winner!

  • Race: Zerg Zerg
  • Spawn Location: 11:00

Event: 2019 WCS Summer

VOD

Have the link to the VOD?

Description

Time

  • Played on: July 14, 2019, 3:49 p.m.
  • Length: 8:53

All games in this series

Show
View Real Time Build Order
Export as new Build Order

Serral Zerg 

Build Orders: Hatch First 

Get SALT Encoding   

  12  0:00  Drone  
  13  0:12  Overlord  
  13  0:17  Drone  
  14  0:30  Drone x2  
  16  0:48  Hatchery  
  15  0:51  Drone  
  15  0:55  Drone  
  17  1:09  Spawning Pool  
  17  1:11  Extractor  
  15  1:13  Drone  
  15  1:17  Drone  
  17  1:20  Drone  
  18  1:27  Drone  
  19  1:38  Drone  
  20  1:52  Overlord  
  20  1:56  Queen  
  20  2:00  Queen  
  20  2:01  Drone x2  
  26  2:11  Drone x2  
  26  2:14  Metabolic Boost  
  28  2:22  Drone x2  
  30  2:33  Overlord  
  30  2:35  Queen  
  30  2:36  Drone  
  33  2:41  Evolution Chamber  
  33  2:44  Drone x2  
  34  2:54  Drone x2  
  36  3:05  Zergling x8  
  40  3:07  Zerg Missile Weapons Level 1  
  40  3:11  Overlord  
  40  3:13  Zergling x6  
  43  3:21  Zergling x2  
  44  3:31  Zergling x2  
  45  3:36  Roach Warren  
  45  3:40  Drone x3  
  47  3:44  Hatchery  
  47  3:48  Drone x3  
  48  3:49  Drone  
  48  3:55  Overlord  
  50  3:56  Drone  
  51  4:04  Lair  
  51  4:06  Drone x2, Extractor  
  51  4:08  Extractor  
  51  4:09  Drone  
  52  4:14  Drone x2  
  52  4:16  Drone  
  55  4:22  Drone, Overlord  
  55  4:23  Drone  
  57  4:24  Drone  
  57  4:28  Roach  
  60  4:33  Overlord  
  60  4:34  Overlord  
  60  4:46  Roach x4  
  60  4:51  Roach  
  60  4:52  Roach x2  
  74  4:54  Overlord  
  74  5:03  Zerg Missile Weapons Level 2  
  74  5:07  Overseer  
  74  5:11  Drone  
  74  5:12  Drone x2  
  74  5:14  Extractor  
  76  5:16  Glial Reconstitution  
  75  5:21  Drone x4  
  75  5:22  Drone  
  75  5:23  Overlord  
  75  5:24  Roach  
  82  5:29  Roach  
  82  5:30  Roach  
  82  5:33  Roach  
  88  5:40  Queen x2  
  92  5:47  Pneumatized Carapace  
  92  5:48  Drone x3  
  95  5:52  Drone x3  
  95  5:56  Overlord  
  98  6:05  Spore Crawler  
  98  6:07  Roach x4  
  105  6:12  Overseer  
  105  6:15  Overlord x2  
  105  6:17  Overseer  
  105  6:23  Overlord  
  105  6:25  Drone x3  
  107  6:26  Drone x4  
  107  6:28  Extractor  
  112  6:40  Drone x3, Overlord  
  112  6:46  Roach x6  
  125  6:49  Extractor  
  122  7:00  Spore Crawler  
  118  7:02  Spore Crawler  
  118  7:03  Drone x4  
  118  7:04  Roach x4  
  127  7:15  Ravager  
  127  7:16  Ravager x3  
  127  7:19  Drone x5  
  136  7:25  Drone x2  
  136  7:26  Hydralisk Den  
  136  7:29  Overlord  
  137  7:30  Overlord, Roach  
  137  7:31  Roach  
  137  7:33  Roach  
  143  7:37  Roach  
  143  7:42  Overlord  
  145  7:44  Overlord  
  145  7:54  Roach  
  145  7:55  Roach x3  
  153  7:59  Hatchery  
  153  8:00  Lurker Den  
  153  8:03  Roach x3  
  157  8:09  Roach x3  
  157  8:12  Overlord  
  163  8:16  Overlord  
  161  8:20  Overlord x3  
  159  8:28  Roach  
  159  8:29  Roach x3  
  159  8:32  Roach x3  
Show
View Real Time Build Order
Export as new Build Order

Reynor Zerg - Winner!

Build Orders: Hatch First 

Get SALT Encoding   

  12  0:00  Drone  
  13  0:12  Overlord  
  13  0:17  Drone  
  14  0:30  Drone x2  
  16  0:48  Hatchery  
  15  0:51  Drone  
  15  0:55  Drone  
  17  0:58  Drone  
  18  1:09  Extractor  
  17  1:13  Spawning Pool  
  17  1:17  Drone  
  17  1:20  Drone  
  18  1:27  Drone  
  19  1:38  Drone  
  20  1:49  Drone  
  21  1:59  Overlord  
  21  2:00  Queen x2  
  21  2:01  Drone  
  26  2:10  Drone x2  
  28  2:21  Drone x2  
  30  2:35  Drone  
  30  2:36  Hatchery  
  30  2:39  Drone  
  30  2:43  Overlord  
  31  2:44  Drone  
  32  2:53  Drone x2  
  32  2:56  Queen  
  36  3:04  Drone  
  37  3:06  Drone  
  37  3:10  Drone x2, Overlord  
  37  3:11  Drone x3  
  43  3:14  Evolution Chamber  
  43  3:19  Drone x2  
  44  3:26  Roach Warren  
  43  3:27  Lair  
  43  3:34  Drone x2  
  45  3:39  Evolution Chamber  
  46  3:42  Extractor  
  46  3:43  Zerg Missile Weapons Level 1, Extractor  
  46  3:45  Drone  
  46  3:48  Drone x3  
  46  3:49  Drone  
  46  3:51  Overlord  
  49  3:59  Drone  
  49  4:02  Drone, Extractor  
  50  4:10  Overlord  
  50  4:15  Roach  
  50  4:22  Roach  
  52  4:25  Drone  
  52  4:28  Spire  
  52  4:29  Roach  
  52  4:30  Drone x2  
  56  4:32  Roach  
  56  4:38  Overlord  
  58  4:39  Glial Reconstitution  
  58  4:41  Drone  
  58  4:44  Roach  
  58  4:45  Roach  
  63  4:48  Overlord  
  63  4:52  Hatchery  
  62  4:56  Roach x3  
  62  4:58  Overlord  
  68  5:00  Drone x2  
  68  5:06  Overlord  
  70  5:18  Drone x4  
  74  5:24  Drone x3  
  77  5:28  Overlord  
  77  5:30  Drone x2  
  77  5:31  Drone  
  80  5:40  Mutalisk x2  
  84  5:43  Mutalisk  
  84  5:48  Mutalisk  
  88  5:51  Mutalisk, Zerg Missile Weapons Level 2  
  88  5:54  Drone x2  
  88  5:55  Drone  
  93  5:57  Extractor  
  93  5:59  Overlord  
  93  6:03  Drone x2  
  93  6:04  Drone x2  
  95  6:06  Zerg Ground Armor Level 1  
  95  6:07  Overlord  
  96  6:12  Roach  
  96  6:18  Roach  
  100  6:20  Roach x2  
  100  6:25  Roach x2  
  108  6:26  Hatchery  
  108  6:30  Roach x3  
  108  6:31  Overlord  
  113  6:34  Roach  
  113  6:35  Roach  
  117  6:45  Roach x5  
  117  6:46  Extractor  
  126  6:49  Overlord  
  126  6:54  Roach x4  
  126  6:59  Roach x2  
  138  7:06  Overlord  
  138  7:07  Roach  
  138  7:08  Roach  
  142  7:11  Roach  
  142  7:12  Roach  
  142  7:13  Overlord  
  142  7:15  Drone x2  
  146  7:21  Overlord  
  146  7:25  Roach x4  
  146  7:26  Overlord  
  154  7:32  Roach x3  
  154  7:33  Roach  
  154  7:36  Overlord  
  154  7:37  Overlord  
  162  7:42  Roach x3  
  168  7:48  Roach x3  
  174  7:54  Roach x4  
  174  7:56  Ravager x4  
  186  8:02  Ravager x2  
  186  8:03  Roach x3  
  194  8:09  Roach x3  
  168  8:34  Roach  
Tags
 
Add a new tag
Caveats
  • Supply blocks, unpowered buildings, or Contaminate may cause inaccurate times.
  • Supply counts are checked every 10 seconds.